AoeStats
← Vinz Clortho

Highland

505148646Analyzed
2v2 RM · 23d ago on Sep 8, 2026· 64m 13s· 4 players
Game mode
Random Map
Map size
Medium (4 player)
Population
200
Speed
Normal
Resources
Standard
Victory
Conquest
Starting age
Dark Age
Ending age
Imperial Age
RankedLock teamsTeams togetherTeam positionsShared explorationLock speedFull tech treeHidden civsTurbo modeCheats
Victory
Defeat
🇺🇸 Sicilians · United States
813
+26
🇺🇸 Mongols · United States
773
+16
🇺🇸 Magyars · United States
793
-16
🇺🇸 Georgians · United States
768
-15
SketchyGlue9293
5:16 Loom
10:49 Feudal Age
11:45 Double-Bit Axe
14:15 Horse Collar
22:43 Castle Age
21:13 Gold Mining
22:08 Bloodlines
23:24 Scale Barding Armor
23:10 Elite Skirmisher
24:24 Bow Saw
24:48 Heavy Plow
25:30 Husbandry
27:14 Wheelbarrow
27:04 Forging
27:17 Town Watch
27:32 Stone Mining
29:48 Hand Cart
29:46 Fletching
34:01 Stone Shaft Mining
38:18 Imperial Age
39:22 Chain Barding Armor
39:38 Iron Casting
38:59 Bodkin Arrow
39:04 Padded Archer Armor
40:04 Elite Monaspa
41:07 Conscription
41:01 Svan Towers
41:41 Plate Barding Armor
41:56 Bracer
43:41 Blast Furnace
44:21 Leather Archer Armor
45:06 Aznauri Cavalry
45:24 Light Cavalry
54:24 Caravan
62:09 Murder Holes
SulfuricHeart63
5:23 Loom
12:04 Feudal Age
15:39 Castle Age
21:53 Double-Bit Axe
24:48 Bow Saw
24:27 Horse Collar
28:09 Heavy Plow
30:04 Scale Barding Armor
33:15 Imperial Age
33:00 Thumb Ring
33:27 Corvinian Army
33:56 Padded Archer Armor
34:22 Chain Barding Armor
33:53 Fletching
34:26 Gold Mining
35:34 Leather Archer Armor
36:13 Parthian Tactics
36:46 Bodkin Arrow
37:29 Plate Barding Armor
36:58 Heavy Cavalry Archer
37:56 Recurve Bow
39:20 Crop Rotation
39:02 Elite Magyar Huszar
40:24 Bracer
40:55 Ring Archer Armor
43:13 Wheelbarrow
42:27 Town Watch
53:19 Chemistry
52:43 Ballistics
53:23 Chemistry
58:39 Hand Cart
58:42 Crossbowman
59:18 Arbalester
Pinhead Larry
10:52 Feudal Age
11:47 Double-Bit Axe
11:47 Horse Collar
13:02 Loom
20:18 Castle Age
18:17 Fletching
18:21 Stone Mining
18:24 Gold Mining
21:27 Wheelbarrow
24:29 Stone Shaft Mining
26:04 Bow Saw
29:00 Bodkin Arrow
29:42 Gold Shaft Mining
29:20 Heavy Plow
30:23 Scale Barding Armor
33:14 Imperial Age
31:25 Chain Barding Armor
32:19 Hand Cart
33:57 Town Watch
34:18 Caravan
34:52 Conscription
33:56 Elite Mangudai
35:11 Bracer
37:15 Ballistics
37:59 Chemistry
38:02 Thumb Ring
38:27 Parthian Tactics
38:06 Husbandry
38:17 Bloodlines
39:21 Fortified Wall
41:25 Capped Ram
42:35 Siege Engineers
42:36 Padded Archer Armor
42:48 Forging
42:38 Scale Mail Armor
42:01 Pikeman
42:43 Squires
42:29 Arson
42:09 Light Cavalry
42:58 Siege Ram
43:59 Leather Archer Armor
43:52 Town Patrol
43:40 Fishing Lines
44:40 Masonry
45:38 Drill
45:55 Gillnets
46:21 Hussar
47:42 Iron Casting
47:23 Chain Mail Armor
Vinz Clortho
11:51 Loom
15:17 Feudal Age
16:18 Horse Collar
16:40 Double-Bit Axe
18:12 Wheelbarrow
19:01 Stone Mining
19:03 Gold Mining
25:23 Castle Age
23:27 Scale Mail Armor
25:11 Forging
26:31 Heavy Plow
26:45 Bow Saw
30:33 Iron Casting
29:22 Pikeman
29:54 Town Watch
30:36 Fishing Lines
31:37 Chain Mail Armor
32:41 Masonry
34:39 First Crusade
36:51 Caravan
37:05 Squires
36:55 Arson
38:16 Gambesons
41:18 Imperial Age
39:06 Hand Cart
38:54 Town Patrol
41:39 Careening
42:32 Plate Mail Armor
43:03 Blast Furnace
41:27 Capped Ram
41:45 Elite Serjeant
42:47 Conscription
42:13 Halberdier
43:02 Husbandry
43:13 Bloodlines
43:55 Siege Ram
54:31 Murder Holes
54:57 Ballistics
54:39 Arrowslits
Connection lost

Rejoining the realm…

Still unreachable

The connection could not be restored.

Session expired

The server has moved on; the page needs a fresh start.